 Dungeon Crawl Stone Soup version 0.30-a0-808-g6e0788376e (webtiles) character file.

Game seed: 902805808717596615

111 Ceno the Grave Robber (level 4, -2/21 HPs)
             Began as a Vine Stalker Necromancer on Feb 26, 2023.
             Slain by an orc priest
             ... wielding a +0 flail
              (5 damage)
             ... on level 4 of the Dungeon.
             The game lasted 00:08:31 (2433 turns).

Ceno the Grave Robber (Vine Stalker Necromancer)    Turns: 2433, Time: 00:08:32

Health: -2/21      AC:  4    Str: 10    XL:     4   Next: 92%
Magic:  0/9        EV: 11    Int: 17    God:
Gold:   193        SH:  0    Dex: 15    Spells: 1/9 levels left

rFire   . . .      SeeInvis .    r - +1 dagger (drain)
rCold   + . .      Faith    .    (no shield)
rNeg    . . .      Spirit   +    w - +0 leather armour
rPois   .          Reflect  .    s - +0 helmet
rElec   .          Harm     .    (no cloak)
rCorr   .          Rampage  .    (no gloves)
Will    .....                    (no boots)
Stlth   ++                       (no amulet)
HPRegen 1.03/turn                j - ring of protection from cold
MPRegen 0.11/turn                (no ring)

@: no status effects
A: fangs 2, regeneration 1, magic shield, antimagic bite, no potion heal 2
a: no special abilities


You were on level 4 of the Dungeon.
You visited 1 branch of the dungeon, and saw 4 of its levels.

You collected 193 gold pieces.

Inventory:

Hand Weapons
 r - a +1 dagger of draining (weapon)
Missiles
 f - 11 poisoned darts
 o - 24 stones (quivered)
Armour
 n - a +0 buckler
 s - a +0 helmet (worn)
 w - a +0 leather armour (worn)
Jewellery
 a - an amulet of faith
 j - a ring of protection from cold (left hand)
Scrolls
 d - a scroll of identify
 g - a scroll of poison {unknown}
 h - 5 scrolls of teleportation
 i - a scroll of enchant weapon {unknown}
 l - a scroll of fog {unknown}
 m - a scroll of noise {unknown}
 p - a scroll of immolation {unknown}
Potions
 b - a potion of magic
 c - a potion of cancellation
 e - a potion of resistance {unknown}
 k - 3 potions of curing
 q - 3 potions of degeneration
 t - 4 potions of brilliance
 u - a potion of attraction {unknown}
 v - a potion of might {unknown}
 x - a potion of mutation {unknown}


   Skills:
 - Level 1.5 Dodging
 + Level 3.7 Stealth
 + Level 3.1 Spellcasting
 * Level 5.1 Necromancy


You had one spell level left.
You knew the following spells:

 Your Spells              Type           Power      Damage    Failure   Level
a - Necrotise             Necr           80%        1d8       2%          1
b - Vampiric Draining     Necr           20%        2d7       9%          3
c - Animate Dead          Necr           20%        N/A       28%         4

Your spell library contained the following spells:

 Spells                   Type           Power      Damage    Failure   Level
 Agony                    Necr           20%        N/A       61%         5
 Summon Forest            Summ/Tloc      1%         N/A       100%        5
 Summon Mana Viper        Hex/Summ       2%         N/A       100%        5
 Summon Cactus Giant      Summ           1%         N/A       100%        6


Dungeon Overview and Level Annotations

Branches:
Dungeon (4/15)
 Temple: D:4-7

Altars:
Zin

Shops:
D:2 (

Portals:
Ossuary: D:4


Innate Abilities, Weirdness & Mutations

You have extremely sharp teeth.
Your natural rate of healing is unusually fast.
When hurt, damage is shared between your health and your magic reserves.
Your bite disrupts and absorbs the magic of your enemies.
Potions cannot restore your health.


Message History

The dead are walking!
Your reaping aura expires.
The orc priest mumbles some strange prayers to Beogh against you.
You struggle to resist.
The orc priest barely misses you.
Things that are here:
a +1 hand axe of freezing; a +0 ring mail You completely miss the orc priest.
The orc priest closely misses you.
You hit the orc priest. You drain the orc priest.
You bite the orc priest, but do no damage.
The orc priest is heavily wounded.
The orc barely misses you. The orc priest barely misses you.
Something hits your orc zombie.
You closely miss the orc priest.
The orc priest is heavily wounded.
The orc hits you but does no damage. Something hits your orc zombie.
The orc priest hits you with a +0 flail.
You closely miss the orc priest. You bite the orc priest. You drain its power.
You feel invigorated.
The orc priest is severely wounded.
The orc completely misses you.
The orc priest mumbles some strange prayers to Beogh against you.
Pain shoots through your body!
Something closely misses your orc zombie.
You hit the orc priest. Your bite misses the orc priest.
The orc priest is almost dead.
The orc barely misses you.
The orc priest mumbles some strange prayers to Beogh against you.
Beogh smites you!
Ouch! That really hurt!
* * * LOW HITPOINT WARNING * * *
Something hits your orc zombie.
Your orc zombie is destroyed!
You hear a shout!
You hit the orc priest. Your bite misses the orc priest.
The orc priest is almost dead.
The orc barely misses you.
Something closely misses your orc wizard zombie.
The orc priest hits you with a +0 flail.
You die...

....
..#.###.#......#......#
..
##.....###.....#.....#.
#......#.###.#......#
#....[#.....###.....#
......#......# ###.#..
#.....#..<..#.....##..
.### #......#......
##...oo#.....#
...#.###@#......#
#...ZZ###.....#
#......#.###.#.
#.....#.....##
#......#......#
##.....#.....#.#
#.###.#......#
..#...###.....#
..#....#.###.#...


You could see an orc priest (very drained, ally target), an orc, a friendly orc
zombie and a friendly orc wizard zombie.

Vanquished Creatures
  An orc wizard (D:4)
  An ufetubus (D:4)
  2 worms (D:2)
  7 orcs
  4 endoplasms
  6 giant cockroaches
  4 goblins (D:1)
  4 hobgoblins
  3 jackals (D:3)
  A quokka (D:2)
  10 ball pythons
  4 bats
  3 frilled lizards
  5 kobolds
  9 rats
64 creatures vanquished.

Vanquished Creatures (collateral kills)
  A frilled lizard (D:2)
1 creature vanquished.

Vanquished Creatures (others)
  An orc zombie (D:4)
1 creature vanquished.

Grand Total: 66 creatures vanquished

Notes
Turn   | Place    | Note
-------+----------+-------------------------------------------
     0 | D:1      | Ceno the Vine Stalker Necromancer began the quest for the
                  | Orb.
     0 | D:1      | Reached XP level 1. HP: 9/9 MP: 4/4
   149 | D:1      | Reached XP level 2. HP: 13/13 MP: 4/6
   590 | D:1      | Reached XP level 3. HP: 16/16 MP: 3/7
   594 | D:1      | Learned a level 3 spell: Vampiric Draining
  1205 | D:2      | Found Xoaph's Weapon Shoppe.
  1635 | D:3      | Gained mutation: Your natural rate of healing is unusually
                  | fast. [Vine Stalker growth]
  1635 | D:3      | Reached XP level 4. HP: 21/21 MP: 1/9
  1645 | D:3      | Learned a level 4 spell: Animate Dead
  1718 | D:3      | Found a glowing silver altar of Zin.
  2298 | D:4      | Found a sand-covered staircase.
  2299 | D:4      | Noticed an ogre
  2337 | D:4      | Reached skill level 5 in Necromancy
  2433 | D:4      | Slain by an orc priest

Illustrated notes

Levels and vault maps discovered:
D:1:      minmay_arrival_three_doors, layout_basic, minivault_27
D:2:      layout_rooms, serial_shops, nicolae_shop_bloodbath_and_beyond
D:3:      layout_basic, zin_academy
D:4:      nicolae_BIG_FREAKIN_CUBE, layout_basic, enter_ossuary_1,
          chequers_serial_rivers_micro_e, chequers_serial_rivers_micro_b,
          minmay_misc_feat_four_crosses, nicolae_half_adder, uniq_duvessa,
          uniq_menkaure

Skill      XL: |  1  2  3  4 |
---------------+-------------+-----
Stealth        | 3 |  3.7
Spellcasting   | 3 |  3.1
Necromancy     | 5 |  5.1
Dodging        | |  1.5

Action                     |  1- 3 |  4- 6 || total
---------------------------+-------+-------++-------
  Melee: Unarmed           |     5 |       ||     5
         Bite              |     9 |    13 ||    22
         Dagger            |    46 |    68 ||   114
         Punch             |       |     3 ||     3
   Cast: Necrotise         |    47 |     1 ||    48
         Animate Dead      |       |     1 ||     1
    Use: Scroll            |       |     5 ||     5
   Stab: Sleeping          |     8 |     3 ||    11
 Armour: Robe              |    12 |     5 ||    17
         Leather armour    |       |    14 ||    14
  Dodge: Dodged            |    21 |    62 ||    83

Table legend: (Time is in decaauts)
 A = Elapsed time spent in this place.
 B = Non-inter-level travel time spent in this place.
 C = Inter-level travel time spent in this place.
 D = Time resting spent in this place.
 E = Time spent auto-exploring this place.
 F = Levels seen in this place.
 G = Mean time per level.
                   A        B        C        D        E       F      G
               +--------+--------+--------+--------+--------+-----+--------+
         Total |   2432 |   2314 |    118 |    145 |   1215 |   4 |  608.0 |
       Dungeon |   2432 |   2314 |    118 |    145 |   1215 |   4 |  608.0 |
               +--------+--------+--------+--------+--------+-----+--------+

Top non-repeatable levels by time:
     D:1: 1064 daAuts
     D:3: 678 daAuts
     D:2: 575 daAuts
     D:4: 113 daAuts
